 Dungeon Crawl Stone Soup version 0.28.0-53-g5a82cb258f (webtiles) character file.

Game seed: 18023169332977136017

1905 bnorton916 the Destroyer (level 8, -12/45 HPs)
             Began as a Deep Elf Fire Elementalist on June 16, 2022.
             Was an Initiate of Gozag.
             Mangled by a two-headed ogre
             ... wielding a +0 giant spiked club
              (19 damage)
             ... on level 8 of the Dungeon.
             The game lasted 00:13:14 (12308 turns).

bnorton916 the Destroyer (DEFE)                    Turns: 12308, Time: 00:13:15

Health: -12/45     AC:  8    Str:  5    XL:     8   Next: 94%
Magic:  9/17       EV: 13    Int: 23    God:    Gozag
Gold:   415        SH:  0    Dex: 15    Spells: 2/16 levels left

rFire   . . .      SeeInvis .   y - +3 whip (elec)
rCold   . . .      Faith    .   (no shield)
rNeg    . . .      Spirit   .   w - +3 leather armour
rPois   .          Reflect  .   (no helmet)
rElec   .          Harm     .   k - +0 cloak
rCorr   .          Rampage  .   (no gloves)
Will    .....                   o - +0 pair of boots
Stlth   ++........              (no amulet)
HPRegen 0.15/turn               f - ring of wizardry
MPRegen 0.15/turn               q - +4 ring of slaying

@: no status effects
A: no striking features
a: Renounce Religion, Potion Petition, Call Merchant, Bribe Branch


You were on level 8 of the Dungeon.
You worshipped Gozag.
Gozag was aware of your devotion.
You visited 2 branches of the dungeon, and saw 9 of its levels.
You also visited: Ossuary.

You collected 740 gold pieces.
You spent 285 gold pieces at shops.
You paid 40 gold pieces to Gozag.

Inventory:

Hand Weapons
 y - a +3 whip of electrocution (weapon)
Missiles
 b - 2 throwing nets
 c - 243 stones
 m - 5 datura-tipped darts
Armour
 k - a +0 cloak (worn)
 o - a +0 pair of boots (worn)
 w - a +3 leather armour (worn)
Jewellery
 f - a ring of wizardry (left hand)
 i - a ring of fire
 q - a +4 ring of slaying (right hand)
 x - a +4 ring of evasion
 A - a ring of positive energy
Wands
 h - a wand of flame (11)
 C - a wand of charming (1)
Scrolls
 e - 6 scrolls of teleportation
 g - 2 scrolls of blinking
 j - 2 scrolls of fear
 s - 2 scrolls of magic mapping
 z - a scroll of vulnerability
 B - 2 scrolls of enchant armour
 D - a scroll of summoning
 E - 9 scrolls of noise
 F - a scroll of acquirement {unknown}
 H - 2 scrolls of immolation
Potions
 a - 2 potions of lignification
 d - 4 potions of curing
 l - 2 potions of invisibility
 n - 7 potions of haste
 p - 3 potions of resistance
 r - 2 potions of attraction
 t - a potion of flight {unknown}
 u - a potion of brilliance {unknown}
 v - 2 potions of might
 G - 3 potions of mutation


   Skills:
 - Level 2.4 Fighting
 - Level 4.0 Armour
 - Level 6.0 Dodging
 - Level 2.4 Stealth
 - Level 4.7 Spellcasting
 - Level 8.0 Conjurations
 + Level 2.1 Summonings
 - Level 4.5 Fire Magic
 + Level 1.4 Ice Magic


You had 2 spell levels left.
You knew the following spells:

 Your Spells              Type           Power      Damage    Failure   Level
a - Foxfire               Conj/Fire      100%       2x1d9     1%          1
b - Scorch                Fire           52%        2d8       1%          2
c - Conjure Flame         Conj/Fire      34%        6-21      1%          3
d - Flame Wave            Conj/Fire      34%        2d8       4%          4
e - Summon Ice Beast      Ice/Summ       13%        N/A       26%         4

Your spell library contained the following spells:

 Spells                   Type           Power      Damage    Failure   Level
 Shock                    Conj/Air       92%        1d8       1%          1
 Ensorcelled Hibernation  Hex/Ice        16%        N/A       7%          2
 Inner Flame              Hex/Fire       15%        N/A       8%          3
 Gell's Gravitas          Tloc           5%         N/A       17%         3
 Spider Form              Tmut/Pois      5%         N/A       17%         3
 Swiftness                Air            5%         N/A       17%         3
 Teleport Other           Tloc           5%         N/A       17%         3
 Airstrike                Air            2%         N/A       50%         4
 Anguish                  Hex/Necr       2%         N/A       50%         4
 Summon Mana Viper        Hex/Summ       10%        N/A       69%         5
 Dispersal                Tloc           2%         N/A       100%        6
 Monstrous Menagerie      Summ           7%         N/A       100%        7


Dungeon Overview and Level Annotations

Branches:
Dungeon (8/15)             Temple (1/1) D:4         Ossuary (visited)
   Lair: D:8-11

Altars:
Ashenzari
Cheibriados
Elyvilon
Fedhas
Gozag
Hepliaklqana
Kikubaaqudgha
Makhleb
Nemelex Xobeh
Okawaru
Sif Muna
Uskayaw
Vehumet
Wu Jian
Xom
Yredelemnul
Zin

Shops:
D:7 ?


Message History

The fire ignites!
Casting: Conjure Flame (safe; 1% risk of failure)
Confirm with . or Enter, or press ? or * to list all spells.
You conjure some foxfire!
The foxfire hits the two-headed ogre.
The two-headed ogre is lightly wounded.
The two-headed ogre is engulfed in blazing flames.
The foxfire hits the two-headed ogre.
The two-headed ogre is lightly wounded.
Casting: Foxfire (safe; 1% risk of failure)
Confirm with . or Enter, or press ? or * to list all spells.
You conjure some foxfire!
The foxfire hits the two-headed ogre.
The two-headed ogre is moderately wounded.
The foxfire hits the two-headed ogre.
The two-headed ogre is moderately wounded.
Casting: Foxfire (safe; 1% risk of failure)
Confirm with . or Enter, or press ? or * to list all spells.
Flames lash the two-headed ogre.
The two-headed ogre is heavily wounded.
The two-headed ogre's fire resistance burns away.
The two-headed ogre hits you with a +0 giant spiked club!!
Ouch! That really hurt!
The two-headed ogre closely misses you.
Casting: Scorch (safe; 1% risk of failure)
Confirm with . or Enter, or press ? or * to list all spells.
Flames lash the two-headed ogre.
The two-headed ogre is burned terribly!
The two-headed ogre is severely wounded.
The two-headed ogre hits you with a +0 giant spiked club!
* * * LOW HITPOINT WARNING * * *
The two-headed ogre barely misses you.
Unknown command.
Casting: Scorch (safe; 1% risk of failure)
Confirm with . or Enter, or press ? or * to list all spells.
Flames lash the two-headed ogre.
The two-headed ogre is burned terribly!
The two-headed ogre is severely wounded.
The two-headed ogre barely misses you.
The two-headed ogre hits you with a +0 giant spiked club!!
You die...
Your body crumbles into a pile of gold.

# ###### ####.## ### #.#
###..##.# ##...## #.#
##.# ...### #.###.....###
#.## ##.## #..#
#.#........####.###.##
#..##
#.....###....#..#..##
#...#
##.....#####...#.....##
##..#
#..####.####..##......###
##..## ##.##
#..O....#...#.....#
.....###..#
#.@####....###.####
#....##..## ##.## #...##
##..# ####......# #..##
#..## ##.# #
##.###..###...# #..# ###
#.## #.......## #..#
#..###........###.## #..
##...#.....##...##.#...#
#.........#####.......# #
##..##.....# #......##


You could see a two-headed ogre (combustible).

Vanquished Creatures
  Sigmund (D:6)
  A wyvern (D:7)
  An ice beast (D:8)
  A necrophage (D:5)
  2 centaurs (D:7)
  A phantom (D:6)
  2 scorpions
  A water moccasin zombie (D:5)
  A water moccasin skeleton (D:6)
  4 wights
  A howler monkey (D:6)
  2 centaur zombies
  5 hounds
  2 human zombies (Ossuary)
  A centaur skeleton (D:6)
  2 orc priests (D:3)
  2 jellies (D:7)
  3 iguanas
  An orc wizard (D:5)
  3 mummies (Ossuary)
  8 adders
  A white imp (D:6)
  An ufetubus (D:5)
  3 dart slugs (D:4)
  12 orcs
  4 bats
  5 endoplasms
  3 giant cockroaches
  11 goblins
  11 hobgoblins
  4 quokkas
  5 ball pythons
  2 goblin zombies (Ossuary)
  A hobgoblin zombie (Ossuary)
  4 kobolds
  2 kobold zombies (Ossuary)
  6 rats
120 creatures vanquished.

Vanquished Creatures (collateral kills)
  A bullfrog zombie (D:6)
  2 foxfires (D:5)
3 creatures vanquished.

Vanquished Creatures (others)
  517 foxfires
517 creatures vanquished.

Grand Total: 640 creatures vanquished

Notes
Turn   | Place    | Note
-------+----------+-------------------------------------------
     0 | D:1      | bnorton916 the Deep Elf Fire Elementalist began the quest
                  | for the Orb.
     0 | D:1      | Reached XP level 1. HP: 10/10 MP: 6/6
   338 | D:1      | Reached XP level 2. HP: 15/15 MP: 6/8
   767 | D:1      | Found a faded altar of an unknown god.
   876 | D:1      | Reached skill level 2 in Conjurations
  1087 | D:1      | Reached XP level 3. HP: 19/19 MP: 7/10
  1888 | D:2      | Reached XP level 4. HP: 24/24 MP: 8/12
  2421 | D:3      | Learned a level 2 spell: Scorch
  2540 | D:3      | Reached skill level 3 in Conjurations
  2771 | D:3      | Reached XP level 5. HP: 28/28 MP: 12/14
  3264 | D:3      | Learned a level 3 spell: Conjure Flame
  3269 | D:3      | Learned a level 4 spell: Flame Wave
  3318 | D:4      | Found a basalt altar of Yredelemnul.
  3346 | D:4      | Reached skill level 1 in Armour
  3423 | D:4      | Found a burning altar of Makhleb.
  3517 | D:4      | Reached XP level 6. HP: 19/32 MP: 5/15
  3921 | D:4      | Found a staircase to the Ecumenical Temple.
  3936 | Temple   | Entered the Ecumenical Temple
  3990 | Temple   | Became a worshipper of Gozag Ym Sagoz the Greedy
  4258 | D:4      | Identified the +1 chain mail of Follow the Leader {rPois
                  | rF- rC+ Regen+ Int+6}
  4485 | D:4      | Found an iron altar of Okawaru.
  4661 | D:4      | Found a shimmering blue altar of Sif Muna.
  4748 | D:5      | Entered Level 5 of the Dungeon
  5045 | D:5      | Reached skill level 4 in Conjurations
  5045 | D:5      | Reached XP level 7. HP: 36/36 MP: 6/16
  5999 | D:5      | Reached skill level 5 in Conjurations
  7275 | D:6      | Noticed Sigmund
  7285 | D:6      | Killed Sigmund
  7286 | D:6      | Reached skill level 6 in Conjurations
  7602 | D:6      | Reached skill level 7 in Conjurations
  7713 | D:6      | Reached XP level 8. HP: 41/41 MP: 11/17
  8418 | D:7      | Reached skill level 8 in Conjurations
  9718 | D:7      | Reached skill level 5 in Dodging
 10170 | D:7      | Found Gupsaiwk's Magic Scroll Boutique.
 10178 | D:7      | Bought a scroll of enchant armour for 97 gold pieces
 10178 | D:7      | Bought 3 scrolls of teleportation for 117 gold pieces
 10178 | D:7      | Bought a scroll of identify for 26 gold pieces
 10178 | D:7      | Bought a scroll of fear for 45 gold pieces
 10406 | D:7      | Learned a level 4 spell: Summon Ice Beast
 10429 | D:8      | Noticed a two-headed ogre
 10693 | D:8      | Reached skill level 1 in Summonings
 10730 | D:8      | Found a sand-covered staircase.
 10738 | Ossuary  | Entered an ossuary
 11437 | Ossuary  | Reached skill level 1 in Ice Magic
 12285 | D:8      | Noticed a two-headed ogre
 12308 | D:8      | Mangled by a two-headed ogre

Illustrated notes

Levels and vault maps discovered:
D:1:      wander_arrival_fairy_ring, layout_basic,
          chequers_ecumenical_altar_simple_redux
D:2:      layout_basic, st_stairs_3, corexii_leaking_fountain
D:3:      layout_basic
D:4:      layout_loops_ring, lemuel_doored_altar, lemuel_blue_sif_altar,
          mainiacjoe_overflow_catwalk_spiral, minmay_temple_entry_tees
D:5:      layout_loops_ring, serial_bayou_lagoon_b
D:6:      layout_gridville, uniq_sigmund
D:7:      layout_cave_pools, serial_shops, nicolae_square_shop,
          kennysheep_cross_bottleneck
D:8:      layout_layer_cave, mainiacjoe_overflow_alcove_4, enter_ossuary_2,
          st_stairs_4
Temple:   nicolae_temple_god_jail

Skill      XL: |  1  2  3  4  5  6  7  8 |
---------------+-------------------------+-----
Conjurations   | 2 3 4 7 8 |  8.0
Spellcasting   | 4 |  4.7
Fire Magic     | 4 |  4.5
Armour         | 2 4 |  4.0
Dodging        | 6 |  6.0
Fighting       | 2 |  2.4
Summonings     | 2 |  2.1
Ice Magic      | 1 |  1.4
Stealth        | |  2.4

Action                   |  1- 3 |  4- 6 |  7- 9 || total
-------------------------+-------+-------+-------++-------
 Cast: Foxfire           |   103 |   118 |    87 ||   308
       Scorch            |       |    13 |    55 ||    68
       Conjure Flame     |       |     2 |     8 ||    10
Evoke: Wand              |       |       |     1 ||     1
  Use: Scroll            |       |       |    19 ||    19
Armor: Robe              |       |     2 |       ||     2
       Leather armour    |       |       |    28 ||    28
Dodge: Dodged            |     5 |    10 |    57 ||    72
